 Dungeon Crawl Stone Soup version 0.20.1-1-g8b1a95d (webtiles) character file.

58313 vomix the Severer (level 14, -1/129 HPs)
             Began as a Minotaur Berserker on Aug 24, 2017.
             Was a High Priest of Trog.
             Killed from afar by an orc sorcerer (5 damage)
             ... with a bolt of fire
             ... on level 2 of the Orcish Mines.
             The game lasted 00:58:04 (23964 turns).

vomix the Severer (Minotaur Berserker)             Turns: 23964, Time: 00:58:05

Health: -1/129     AC: 23    Str: 20    XL:     14   Next: 49%
Magic:  21/21      EV: 11    Int:  4    God:    Trog [*****.]
Gold:   1618       SH:  0    Dex: 14    Spells: 13/13 levels left

rFire    + + +     SeeInvis .   K - +2 battleaxe of Mayhem {freeze, rPois}
rCold    . . .     Gourm    .   (shield currently unavailable)
rNeg     . . .     Faith    +   M - +3 plate armour {rF+}
rPois    +         Spirit   .   (helmet restricted)
rElec    .         Reflect  .   l - +0 cloak
rCorr    .         Harm     .   (no gloves)
MR       ++...     Clarity  +   q - +0 pair of boots
Stlth    ..........             m - amulet of faith
Regen    0.4/turn               L - ring of protection from magic
MPRegen  0.2/turn               P - ring of Nirhehumm {Wiz +Fly rF++ Str-3 Stlth+}

@: about to teleport, berserk cooldown, very slightly contaminated, slowed,
drained, very slow
A: retaliatory headbutt, horns 2, iridescent scales 1, clarity
a: Berserk, Trog's Hand, Brothers in Arms, Burn Spellbooks, Renounce Religion,
Evoke Flight


You were on level 2 of the Orcish Mines.
You worshipped Trog.
Trog was extremely pleased with you.
You were not hungry.

You visited 5 branches of the dungeon, and saw 21 of its levels.
You also visited: Labyrinth and Volcano.

You collected 1870 gold pieces.
You spent 252 gold pieces at shops.

Inventory:

Hand Weapons
 K - the +2 battleaxe of Mayhem (weapon) {freeze, rPois}
   (Trog gifted it to you on level 9 of the Dungeon)

   It has been specially enchanted to freeze those struck by it, causing extra
   injury to most foes and up to half again as much damage against particularly
   susceptible opponents.
   It can also slow down cold-blooded creatures.
   It protects you from poison.
Missiles
 f - 8 throwing nets (quivered)
Armour
 l - a +0 cloak (worn)
 q - a +0 pair of boots (worn)
 M - a +3 plate armour of fire resistance (worn)
Jewellery
 m - an amulet of faith (around neck)
 r - an uncursed ring of protection from magic
 L - a ring of protection from magic (left hand)
 N - an uncursed ring of positive energy
 P - the ring of Nirhehumm (right hand) {Wiz +Fly rF++ Str-3 Stlth+}
   (You found it in a labyrinth)

   [ring of wizardry]

   It improves your spell success rate.
   It affects your strength (-3).
   It greatly protects you from fire.
   It lets you fly.
   It makes you more stealthy.
Wands
 k - a wand of lightning (4/15)
 n - a wand of confusion (23/48)
 u - a wand of random effects (13/48)
 y - a wand of flame (26/48)
 F - a wand of clouds (0/9)
 O - a wand of paralysis (2/24)
 Y - a wand of iceblast (4/15)
Scrolls
 b - 9 scrolls of teleportation
 h - 2 scrolls of fog
 i - 12 scrolls of remove curse
 j - 7 scrolls of enchant armour
 s - 7 scrolls of enchant weapon
 x - 5 scrolls of recharging
 z - 4 scrolls of immolation
 C - a scroll of brand weapon {unknown}
 G - 8 scrolls of fear
 J - 2 scrolls of random uselessness {unknown}
 Z - a scroll of magic mapping
Potions
 a - 2 potions of agility
 e - 3 potions of haste
 o - 7 potions of heal wounds
 p - 2 potions of might
 t - a potion of lignification
 v - 3 potions of flight
 w - 3 potions of resistance
 A - 2 potions of berserk rage
 B - 4 potions of curing
 E - 2 potions of mutation
Miscellaneous
 I - a phial of floods
 Q - a phantom mirror
 S - a box of beasts
Comestibles
 c - 14 bread rations
 d - 3 fruits
 g - 3 chunks of flesh


   Skills:
 - Level 13.1(12.8) Fighting
 + Level 16.7(16.5) Axes
 - Level 11.8(11.6) Armour
 - Level 10.7(10.5) Dodging
 - Level 11.5(11.2) Evocations


You had 13 spell levels left.
You didn't know any spells.

Dungeon Overview and Level Annotations

Branches:
Dungeon (11/15)            Temple (1/1) D:7            Lair (6/6) D:8
 Shoals (0/4) Lair:4       Spider (0/4) Lair:4        Slime (1/5) Lair:5
    Orc (2/2) D:11
    Elf: Orc:2

Altars:
Ashenzari
Cheibriados
Dithmenos
Elyvilon
Fedhas
Gozag
Hepliaklqana
Kikubaaqudgha
Makhleb
Nemelex Xobeh
Okawaru
Qazlal
Ru
Sif Muna
Trog
Uskayaw
Vehumet
Xom
Yredelemnul
Zin
The Shining One
Beogh
Jiyva

Shops:
D:8 *   D:10 ?   Orc:2 %:!(

Portals:
Pandemonium: Orc:2

Annotations:
Lair:3 exclusion: 3 oklob plants


Innate Abilities, Weirdness & Mutations

You reflexively headbutt those who attack you in melee.
You have a pair of horns on your head.
You are partially covered in iridescent scales. (AC +2)
You possess an exceptional clarity of mind.


Message History

The red devil disappears in a puff of smoke!
You can move again.
As you read the scroll of teleportation, it crumbles to dust.
You feel strangely unstable. The hellwing hits you!
* * * LOW HITPOINT WARNING * * *
The hellwing closely misses you.
The orc sorcerer gestures at you while chanting.
The bolt of fire hits you! You resist.
* * * LOW HITPOINT WARNING * * *
The orc knight roars a battlecry!
The orc sorcerer barely misses you.
Your iron troll bites the hellwing!
Your iron troll claws the hellwing!
Your iron troll claws the hellwing but does no damage.
The orc sorcerer closely misses you. The chaos spawn barely misses you.
You furiously retaliate!
You headbutt the chaos spawn, but do no damage.
The orc high priest hits you but does no damage.
The orc sorcerer gestures at you while chanting.
The bolt of fire hits you! You resist.
You die...

.....)##
.#.#.#.))##
......o4))##
#.....#4#.)##
...#..4)##..##
o
###...###..##
### ##4##...
##..####..
##oo4##..
##..##...
#oT@oo##..
##......
#.o#6#4o##.
##..... #.§


o46 3o##. ##.... #.. #.4.# ..# ##).. .#..## ## ##∩## ## #.... .....## ###
###.##. ......## ##.###.^ ..#....## ##...#... ........## ##.#.##... You could
see 2 orc knights, 3 orc high priests, a gelid demonspawn, a torturous
demonspawn, 3 hellwings, a rust devil, a sixfirhy, a chaos spawn, 4 orc
sorcerers and a friendly iron troll (berserk).

Vanquished Creatures
  4 dire elephants (Lair:6)
  A red draconian (Volcano)
  A minotaur (Lab)
  A catoblepas (Lair:6)
  4 hydras
  An anaconda (Lair:6)
  A two-headed ogre (D:11)
  A centaur warrior (Volcano)
  A death yak (Lair:6)
  Nergalle (Lair:3)
  The ghost of vomix the Severer, a novice MiBe of Trog (D:7)
  An orc knight (Orc:2)
  The ghost of TotoDurand the Grave Robber, a novice DDNe of Yredelemnul (D:5)
  2 orc sorcerers (Orc:2)
  2 manticores
  5 black mambas
  16 elephants
  A torpor snail (Lair:6)
  10 spiny frogs
  3 komodo dragons
  4 rime drakes
  A polar bear (Lair:6)
  A troll (D:11)
  3 jumping spiders (Lair:4)
  A hornet (D:11)
  20 blink frogs
  A slime creature (D:11)
  6 hippogriffs
  2 redbacks (Lair:4)
  46 yaks
  A spriggan (D:7)
  3 wyverns
  A wraith (D:11)
  4 basilisks
  A hungry ghost (D:11)
  2 wargs (Orc:2)
  An acid dragon (D:11)
  The ghost of gobwax the Firebug, an amateur OpFE (D:3)
  6 porcupines
  18 water moccasins
  2 ice beasts
  5 sky beasts
  11 orc warriors
  2 black bears
  A hornet zombie (D:10)
  3 phantoms
  5 ogres
  6 centaurs
  8 wolves
  14 crocodiles
  A big kobold (D:10)
  13 bullfrogs
  3 gnoll sergeants (D:10)
  2 scorpions
  A troll zombie (D:11)
  A water moccasin skeleton (D:6)
  11 killer bees
  7 howler monkeys
  3 electric eels
  8 crimson imps
  A centaur zombie (D:8)
  A quasit (D:8)
  A centaur skeleton (D:4)
  8 hounds
  A bullfrog skeleton (D:8)
  16 orc priests
  5 jellies
  2 gnoll shamans (D:10)
  2 iguanas (D:10)
  10 orc wizards
  9 worker ants
  5 ogre zombies (D:11)
  The ghost of dscm the Digger, a weakling GrEE (D:4)
  A hound skeleton (D:4)
  A worker ant zombie (D:5)
  13 adders
  36 gnolls
  3 shadow imps
  3 oozes
  3 adder skeletons
  3 worms
  4 leopard geckos
  55 orcs
  A ball python (D:6)
  9 giant cockroaches
  6 goblins
  7 hobgoblins
  29 jackals
  2 quokkas
  4 bats
  7 frilled lizards
  A giant cockroach zombie (D:6)
  A goblin skeleton (D:11)
  A goblin zombie (D:11)
  4 hobgoblin zombies (D:11)
  11 kobolds
  An orc skeleton (D:11)
  11 orc zombies (D:11)
  A quokka skeleton (D:8)
  11 rats
  A bush (Lair:5)
  3 fungi
  14 plants
597 creatures vanquished.

Vanquished Creatures (collateral kills)
  An orc warlord (Orc:2)
  2 dire elephants (Lair:6)
  A hydra (Lair:2)
  A death yak (Lair:6)
  An orc high priest (Orc:2)
  Sonja (Lair:3)
  An orc sorcerer (Orc:2)
  2 elephants (Lair:6)
  A smoke demon (Orc:2)
  2 polar bears (Lair:2)
  A hippogriff (Lair:6)
  3 yaks (D:9)
  A hungry ghost (D:11)
  An ogre (Orc:2)
  A phantom (D:11)
  8 orc warriors
  A wyvern skeleton (D:11)
  A scorpion (D:11)
  5 orc priests (Orc:2)
  2 ogre zombies (D:11)
  5 orcs
  A hobgoblin skeleton (D:11)
  A hobgoblin zombie (D:11)
  2 orc skeletons (D:11)
  3 orc zombies (D:11)
49 creatures vanquished.

Vanquished Creatures (others)
  An orc (Orc:2)
  A bush (Lair:2)
  8 fungi
  7 plants
17 creatures vanquished.

Grand Total: 663 creatures vanquished

Notes
Turn   | Place    | Note
-------+----------+-------------------------------------------
     0 | D:1      | vomix the Minotaur Berserker began the quest for the Orb.
     0 | D:1      | Reached XP level 1. HP: 19/19 MP: 0/0
    64 | D:1      | Reached skill level 4 in Axes
    98 | D:1      | Reached XP level 2. HP: 21/26 MP: 1/1
   746 | D:2      | Reached ** piety under Trog
   746 | D:2      | Reached skill level 5 in Axes
   746 | D:2      | Reached XP level 3. HP: 25/31 MP: 2/2
  1152 | D:2      | Gained mutation: You are partially covered in iridescent scales. (AC +2) [potion of mutation]
  1152 | D:2      | Gained mutation: You possess an exceptional clarity of mind. [potion of mutation]
  1619 | D:2      | Reached XP level 4. HP: 39/39 MP: 3/3
  1655 | D:2      | Found a stormy altar of Qazlal.
  1672 | D:2      | Reached skill level 6 in Axes
  1973 | D:3      | Reached XP level 5. HP: 13/45 MP: 4/4
  1973 | D:3      | Reached skill level 7 in Axes
  1975 | D:3      | Reached *** piety under Trog
  2194 | D:3      | Noticed gobwax's ghost (amateur OpFE)
  2207 | D:3      | Killed gobwax's ghost
  2207 | D:3      | Reached skill level 8 in Axes
  2297 | D:3      | Reached XP level 6. HP: 33/51 MP: 5/5
  3074 | D:3      | Reached skill level 9 in Axes
  3213 | D:4      | Noticed dscm's ghost (weakling GrEE)
  3218 | D:4      | Killed dscm's ghost
  3524 | D:4      | Found a burning altar of Makhleb.
  3590 | D:4      | Reached XP level 7. HP: 57/57 MP: 6/6
  3693 | D:4      | Reached skill level 10 in Axes
  3861 | D:4      | Reached **** piety under Trog
  4197 | D:5      | Entered Level 5 of the Dungeon
  4232 | D:5      | Reached skill level 11 in Axes
  4399 | D:5      | Reached XP level 8. HP: 64/64 MP: 7/7
  4472 | D:5      | Noticed TotoDurand's ghost (novice DDNe)
  4490 | D:5      | Killed TotoDurand's ghost
  4490 | D:5      | Reached skill level 12 in Axes
  4764 | D:5      | Reached skill level 13 in Axes
  5312 | D:6      | Reached XP level 9. HP: 70/70 MP: 8/8
  5403 | D:6      | Reached ***** piety under Trog
  5548 | D:6      | Reached skill level 14 in Axes
  5739 | D:7      | Noticed vomix's ghost (novice MiBe)
  5754 | D:7      | Killed vomix's ghost
  5754 | D:7      | Reached skill level 15 in Axes
  6161 | D:7      | Found a staircase to the Ecumenical Temple.
  6176 | Temple   | Entered the Ecumenical Temple
  6817 | D:8      | Found Piwnotti's General Store.
  7196 | D:8      | Found a staircase to the Lair.
  7219 | D:8      | Reached skill level 16 in Axes
  7535 | D:8      | Reached skill level 5 in Fighting
  7785 | D:9      | Reached XP level 10. HP: 76/81 MP: 9/9
  7957 | D:9      | Noticed a manticore
  7976 | D:9      | Killed a manticore
  8458 | D:9      | Received a gift from Trog
  8468 | D:9      | Got a warped battleaxe {god gift}
  8469 | D:9      | Identified the +2 battleaxe of Mayhem {freeze, rPois} (Trog gifted it to you on level 9 of the Dungeon)
  8617 | D:9      | Reached skill level 10 in Fighting
  9013 | Lair:1   | Entered Level 1 of the Lair of Beasts
  9288 | Lair:1   | Found a dark tunnel.
  9295 | Volcano  | Entered a volcano
  9353 | Volcano  | Reached XP level 11. HP: 87/104 MP: 10/10
  9439 | Volcano  | Noticed a red draconian
  9448 | Volcano  | Killed a red draconian
  9517 | Volcano  | Noticed a centaur warrior
  9524 | Volcano  | Killed a centaur warrior
 10957 | Lair:2   | Found a labyrinth entrance.
 10958 | Lair:2   | Noticed a six-headed hydra
 10967 | Lair:2   | Killed a nine-headed hydra
 10970 | Lair:2   | Reached skill level 5 in Armour
 10985 | Lab      | Entered a labyrinth
 11753 | Lab      | Noticed a minotaur
 11761 | Lab      | Killed a minotaur
 11761 | Lab      | Reached skill level 5 in Dodging
 11763 | Lab      | Got a transparent turquoise ring
 11775 | Lab      | Identified the ring of Nirhehumm {Wiz +Fly rF++ Str-3 Stlth+} (You found it in a labyrinth)
 11965 | Lair:2   | Received a gift from Trog
 13035 | Lair:2   | Noticed a six-headed hydra
 13048 | Lair:2   | Killed a 12-headed hydra
 13380 | Lair:2   | Reached XP level 12. HP: 80/115 MP: 11/11
 13682 | Lair:3   | Noticed Sonja
 13686 | Lair:3   | Killed Sonja
 13781 | Lair:3   | Noticed Nergalle
 13787 | Lair:3   | Killed Nergalle
 13956 | Lair:3   | Got a brightly glowing robe
 14045 | Lair:3   | Noticed an eight-headed hydra
 14056 | Lair:3   | Killed a 12-headed hydra
 14329 | Lair:3   | Identified the +0 robe "Voffo" {*Drain +Inv Int+3} (You found it on level 3 of the Lair of Beasts)
 14692 | Lair:3   | Reached skill level 10 in Armour
 15557 | Lair:4   | Found a hole to the Spider Nest.
 15574 | Lair:4   | Reached skill level 10 in Dodging
 15874 | Lair:4   | Found a staircase to the Shoals.
 16124 | Lair:4   | Reached XP level 13. HP: 103/122 MP: 12/12
 16416 | Lair:4   | Found a radiant altar of Vehumet.
 16570 | Lair:4   | Reached skill level 1 in Evocations
 16816 | Lair:5   | Found a runed door.
 16818 | Lair:5   | Found a viscous altar of Jiyva.
 16823 | Lair:5   | Found a staircase to the Slime Pits.
 17023 | Lair:5   | Found a shattered altar of Ashenzari.
 17526 | Lair:5   | Received a gift from Trog
 17526 | Lair:5   | Reached skill level 5 in Evocations
 17708 | Lair:5   | Got a faintly glowing ring mail
 18167 | Slime:1  | Entered Level 1 of the Pits of Slime
 18200 | Lair:5   | Identified the +1 ring mail of Starshine {+Inv rPois} (You found it on level 5 of the Lair of Beasts)
 18232 | Lair:6   | Entered Level 6 of the Lair of Beasts
 20262 | Lair:6   | Noticed a dire elephant
 20262 | Lair:6   | Noticed a dire elephant
 20268 | Lair:6   | Killed a dire elephant
 20272 | Lair:6   | Killed a dire elephant
 20272 | Lair:6   | Reached XP level 14. HP: 129/129 MP: 20/20
 20291 | Lair:6   | Identified Reoxed's Tome of the Mountains and the Snowflakes
 20458 | Lair:6   | Reached skill level 10 in Evocations
 20871 | Lair:6   | Received a gift from Trog
 21049 | D:10     | Entered Level 10 of the Dungeon
 21268 | D:10     | Found Ihesob's Magic Scroll Shoppe.
 21272 | D:10     | Bought a scroll of enchant armour for 90 gold pieces
 21272 | D:10     | Bought a scroll of enchant weapon for 90 gold pieces
 21272 | D:10     | Bought a scroll of identify for 24 gold pieces
 21272 | D:10     | Bought a scroll of identify for 24 gold pieces
 21272 | D:10     | Bought a scroll of identify for 24 gold pieces
 21745 | D:10     | Found a snail-covered altar of Cheibriados.
 22071 | D:11     | Found a viscous altar of Jiyva.
 22110 | D:11     | Received a gift from Trog
 22114 | D:11     | Paralysed by fainting for 10 turns
 22150 | D:11     | Found a staircase to the Orcish Mines.
 22309 | D:11     | Got a dazzling shortbow
 22524 | D:11     | Received a gift from Trog
 23138 | D:11     | Identified the +1 shortbow of Darkness {velocity, +Blink} (You found it on level 11 of the Dungeon)
 23147 | Orc:1    | Entered Level 1 of the Orcish Mines
 23515 | Orc:1    | Found a roughly hewn altar of Beogh.
 23657 | Orc:2    | Entered Level 2 of the Orcish Mines
 23657 | Orc:2    | Noticed an orc warlord
 23665 | Orc:2    | Killed an orc warlord
 23931 | Orc:2    | Found Inkept's Distillery.
 23932 | Orc:2    | Found Meehet's Food Shoppe.
 23959 | Orc:2    | Found Tackeuc's Antique Weapon Shop.
 23959 | Orc:2    | Found Zeba's Book Boutique.
 23959 | Orc:2    | Found a one-way gate leading to the halls of Pandemonium.
 23960 | Orc:2    | Paralysed by an orc sorcerer for 4 turns
 23964 | Orc:2    | HP: 5/129 [hellwing[an orc high priest] (9)]
 23964 | Orc:2    | Killed from afar by an orc sorcerer

Skill      XL: |  1  2  3  4  5  6  7  8  9 10 11 12 13 14 |
---------------+-------------------------------------------+-----
Axes           | 4 5 6 8 9 11 13 16 | 16.7
Fighting       | 5 11 13 | 13.1
Armour         | 7 11 | 11.8
Dodging        | 7 10 | 10.7
Evocations     | 9 11 | 11.5

Action                   |  1- 3 |  4- 6 |  7- 9 | 10-12 | 13-15 || total
-------------------------+-------+-------+-------+-------+-------++-------
Melee: Hand axe          |    68 |   141 |   357 |    33 |       ||   599
       Headbutt          |     5 |    21 |    67 |    86 |   140 ||   319
       Battleaxe         |       |       |       |   408 |   616 ||  1024
Invok: Trog's Hand       |     1 |     1 |       |     2 |       ||     4
       Berserk           |       |     5 |     7 |    10 |    14 ||    36
       Brothers in Arms  |       |       |     1 |     4 |     8 ||    13
       Burn Spellbooks   |       |       |     1 |     1 |     1 ||     3
Evoke: Wand              |       |       |       |     3 |     2 ||     5
  Use: Potion            |     3 |       |       |       |     1 ||     4
       Scroll            |       |     7 |     3 |     4 |    16 ||    30
 Stab: Sleeping          |     1 |       |       |       |       ||     1
       Distracted        |       |       |       |       |     1 ||     1
  Eat: Chunk             |     3 |    10 |    18 |     6 |    29 ||    66
       Royal jelly       |       |       |     2 |     3 |     1 ||     6
       Meat ration       |       |       |       |     5 |     2 ||     7
       Bread ration      |       |       |       |       |     1 ||     1
       Fruit             |       |       |       |       |     1 ||     1
Armor: Animal skin       |     3 |       |       |       |       ||     3
       Scale mail        |    17 |    40 |    49 |       |       ||   106
       Plate armour      |       |       |   138 |   300 |   405 ||   843
Dodge: Dodged            |    41 |    48 |   107 |   205 |   354 ||   755
